 Dungeon Crawl Stone Soup version 0.20-a0-544-g2b9a704 (webtiles) character file.

23 Kidiri the Charmwright (level 2, 0/22 HPs)
             Began as a Barachian Skald on Jan 31, 2017.
             Slain by an adder (3 damage)
             ... on level 2 of the Dungeon.
             The game lasted 00:02:11 (1222 turns).

Kidiri the Charmwright (Barachian Skald)            Turns: 1222, Time: 00:02:12

Health: 0/22       AC:  3    Str:  9    XL:     2   Next: 95%
Magic:  5/5        EV: 11    Int: 11    God:
Gold:   73         SH:  0    Dex: 10    Spells: 0/5 levels left

rFire    . . .     SeeInvis +   a - +0 spear
rCold    . . .     Gourm    .   b - +0 leather armour
rNeg     . . .     Faith    .   (no shield)
rPois    .         Spirit   .   (no helmet)
rElec    .         Reflect  .   (no cloak)
rCorr    .         Harm     .   (no gloves)
MR       .....                  (no boots)
Stlth    +.........             j - amulet of regeneration
Regen    0.5/turn               (no ring)
                                h - ring of see invisible

@: lethally poisoned (0 -> 0), heavily drained, slow
A: swims, slowness 1, strong legs 1
a: Hop


You were on level 2 of the Dungeon.
You were hungry.

You visited 1 branch of the dungeon, and saw 2 of its levels.

You collected 73 gold pieces.

Inventory:

Hand Weapons
 a - a +0 spear (weapon)
Armour
 b - a +0 leather armour (worn)
Jewellery
 h - a ring of see invisible (left hand)
 j - an amulet of regeneration (around neck)
 l - an uncursed amulet of harm
Scrolls
 i - 3 scrolls of magic mapping {unknown}
 k - a scroll of enchant armour {unknown}
Potions
 e - a potion of degeneration {unknown}
 n - a potion of heal wounds {unknown}
Books
 c - a book of Battle

   Spells                             Type                      Level
   a - Infusion                       Charms                       1
   b - Shroud of Golubria             Charms/Translocation         2
   c - Song of Slaying                Charms                       2
   d - Spectral Weapon                Hexes/Charms                 3
   e - Regeneration                   Charms/Necromancy            3
Comestibles
 d - a bread ration
 f - a royal jelly
 g - a meat ration
 m - 2 chunks of flesh


   Skills:
 + Level 2.1(0.6) Fighting
 * Level 2.2(0.6) Polearms
 + Level 1.2(0.0) Armour
 * Level 2.4(0.8) Dodging
 * Level 2.2(0.7) Spellcasting
 + Level 3.1(1.4) Charms


You couldn't memorise any spells.
You knew the following spells:

 Your Spells              Type           Power        Failure   Level  Hunger
a - Infusion              Chrm           #...         28%         1    ##.....
b - Song of Slaying       Chrm           #.......     38%         2    ###....
c - Shroud of Golubria    Chrm/Tloc      #.........   65%         2    ###....


Dungeon Overview and Level Annotations

Branches:
Dungeon (2/15)

Altars:


Innate Abilities, Weirdness & Mutations

You can swim through water.
You cover ground slowly.
You can hop short distances.


Message History

You feel sick. The adder bites you.
* * * LOW HITPOINT WARNING * * *
You are more poisoned.
The adder poisons you! The adder completely misses you.
You hit the adder.
The adder is heavily wounded.
The adder closely misses you.
You hit the adder.
The adder is severely wounded.
You feel sick. The adder barely misses you.
You miss the adder.
The adder is severely wounded.
The adder barely misses you. The adder bites you but does no damage.
You barely miss the adder.
The adder is severely wounded.
You feel sick. The adder barely misses you.
You closely miss the adder.
The adder is severely wounded.
The adder bites you.
You die...

#.# #..#
##.#####..####..#
#.............#.#
#.<#####.<###.#.#
##...#####.###.#.#
#........#........
##..).......##.#.#
#..#.##.#..##.#S#
#.##.##....##.#@#.#
#................#
####.##....###..#.#
#.##.#..# #.<##.#
#.....>.# #..# .#
###.#.## #..# #
.....# #..# #[##.##
#... #. #. #.##


You could see an adder.

Vanquished Creatures
  A dart slug (D:1)
  A leopard gecko (D:1)
  2 goblins (D:1)
  2 hobgoblins
  2 jackals (D:1)
  A ball python (D:1)
  2 bats (D:1)
  7 kobolds
  A rat (D:1)
19 creatures vanquished.

Notes
Turn   | Place    | Note
-------+----------+-------------------------------------------
     0 | D:1      | Kidiri the Barachian Skald began the quest for the Orb.
     0 | D:1      | Reached XP level 1. HP: 16/16 MP: 3/3
   153 | D:1      | Reached XP level 2. HP: 13/22 MP: 5/5
   157 | D:1      | Learned a level 2 spell: Song of Slaying
   160 | D:1      | Learned a level 2 spell: Shroud of Golubria
  1222 | D:2      | Slain by an adder

Vault maps used:
D:1:      erik_arrival_cave_to_civilisation
D:2:      minitemple

Skill      XL: |  1  2 |
---------------+-------+-----
Polearms       | 2 |  2.2
Fighting       | |  2.1
Armour         | |  1.2
Dodging        | |  2.4
Spellcasting   | |  2.2
Charms         | |  3.1

Action                   || total
-------------------------++-------
Melee: Spear             ||    97
 Cast: Shroud of Golubri ||     1
 Abil: Hop               ||     2
  Eat: Chunk             ||     1
Armor: Leather armour    ||    20
Dodge: Dodged            ||    63
